 Dungeon Crawl Stone Soup version 0.31-a0-256-g80acddb972 (webtiles) character file.

Game seed: 17433661484019781512

84 qw the Shooter (level 4, -2/26 HPs)
             Began as a Gargoyle Hexslinger on July 12, 2023.
             Slain by a black bear (6 damage)
             ... on level 3 of the Dungeon.
             The game lasted 00:00:45 (1605 turns).

qw the Shooter (Gargoyle Hexslinger)                Turns: 1605, Time: 00:00:45

Health: -2/26      AC: 12    Str: 12    XL:     4   Next: 45%
Magic:  5/5        EV: 10    Int: 13    God:
Gold:   47         SH:  0    Dex: 14    Spells: 4/5 levels left

rFire   . . .        Y - +2 sling (freeze)
rCold   . . .        (no shield)
rNeg    + . .        i - +0 ring mail
rPois   inf          (no helmet)
rElec   +            (no cloak)
rCorr   .            (no gloves)
SInv    .            (no boots)
Will    +....        (no amulet)
Stlth   +            k - ring of willpower
HPRegen 0.24/turn    l - +4 ring of protection
MPRegen 0.09/turn

%: no passive effects
@: no status effects
A: sickness immunity, AC +3, negative energy resistance 1, electricity
resistance, torment resistance 1, petrification resistance
a: no special abilities


You were on level 3 of the Dungeon.
You visited 1 branch of the dungeon, and saw 3 of its levels.

You collected 131 gold pieces.
You spent 84 gold pieces at shops.


Innate Abilities, Weirdness & Mutations

You are immune to sickness and miasma.
Your stone body is resilient. (AC +3)
You are immune to poison.
You resist negative energy. (rN+)
You are resistant to electric shocks. (rElec)
You are resistant to unholy torment.
You are immune to petrification.


   Skills:
 - Level 2.0 Fighting
 - Level 4.1 Ranged Weapons
 + Level 0.7 Armour
 - Level 1.5 Dodging
 - Level 1.0 Spellcasting
 - Level 2.6 Hexes


You had 4 spell levels left.
You knew the following spells:

 Your Spells              Type           Power      Damage    Failure   Level
a - Slow                  Hex            28%        N/A       22%         1

Your spell library contained the following spells:

 Spells                   Type           Power      Damage    Failure   Level
 Inner Flame              Hex/Fire       4%         N/A       73%         3
 Portal Projectile        Hex/Tloc       8%         N/A       73%         3
 Cause Fear               Hex            3%         N/A       91%         4

Inventory:

Hand Weapons
 Y - a +2 sling of freezing (weapon)
Armour
 i - a +0 ring mail (worn)
Jewellery
 k - a ring of willpower (left hand)
 l - a +4 ring of protection (right hand)
Scrolls
 b - 2 scrolls of identify
Potions
 a - 2 potions of curing
 c - 2 potions of enlightenment {unknown}
 d - 2 potions of heal wounds {unknown}
 e - a potion of attraction {unknown}
 f - a potion of invisibility {unknown}
 g - 2 potions of haste
 h - a potion of berserk rage {unknown}

Dungeon Overview and Level Annotations

Branches:
Dungeon (3/15)

Altars:
Xom

Shops:
D:3 !:


Message History

You shoot a sling bullet. The sling bullet hits the black bear.
The sling bullet freezes the black bear.
The black bear is heavily wounded.
The black bear barely misses you. x2; The black bear claws you.
You shoot a sling bullet. The sling bullet hits the black bear.
The sling bullet freezes the black bear.
The black bear is heavily wounded.
The black bear bites you. The black bear closely misses you.
The black bear misses you.
You shoot a sling bullet. The sling bullet hits the black bear.
The sling bullet freezes the black bear.
The black bear is severely wounded.
The black bear bites you.
The black bear claws you but does no damage.
The black bear closely misses you. The black bear barely misses you.
The black bear claws you but does no damage.
The black bear barely misses you.
You shoot a sling bullet.
The sling bullet closely misses the black bear.
The black bear closely misses you. The black bear barely misses you.
The black bear claws you but does no damage.
You shoot a sling bullet. The sling bullet hits the black bear.
The sling bullet freezes the black bear.
The black bear is almost dead.
The black bear goes berserk!
The black bear completely misses you.
The black bear claws you but does no damage.
The black bear barely misses you.
You shoot a sling bullet. The sling bullet hits the black bear.
The sling bullet freezes the black bear.
The black bear is almost dead.
The black bear barely misses you.
The black bear claws you but does no damage. x2
You shoot a sling bullet. The sling bullet hits the black bear.
The sling bullet freezes the black bear.
The black bear is almost dead.
The black bear bites you.
The black bear claws you but does no damage.
The black bear closely misses you. The black bear bites you.
The black bear claws you.
You die...

..+........#
#.#
#.#........#
#.#
#.#........#
#.#
#.###..#####
#.# #.# ..#
###.########
#.# ..#
#...........
#.#.#######.
#.#...(..# #
#@####...
#.h.#
#..>#.#
#####+#


You could see a black bear (berserk).

Vanquished Creatures
  Ijyb (D:2)
  An adder (D:2)
  A dart slug (D:3)
  A worm (D:2)
  3 endoplasms (D:2)
  2 giant cockroaches
  3 goblins (D:2)
  5 hobgoblins
  4 kobolds
  3 quokkas
  6 ball pythons
  4 bats
  A frilled lizard (D:2)
  7 rats
42 creatures vanquished.

Notes
Turn   | Place    | Note
-------+----------+-------------------------------------------
     0 | D:1      | qw the Gargoyle Hexslinger began the quest for the Orb.
     0 | D:1      | Reached XP level 1. HP: 12/12 MP: 2/2
     0 | D:1      | 0 ||| qw: Version: 0.3-a-52-g30416fa
     0 | D:1      | 0 ||| qw: Game counter: 6770
     0 | D:1      | 0 ||| qw: Melee chars always use a shield: true
     0 | D:1      | 0 ||| qw: God list: Okawaru
     0 | D:1      | 0 ||| qw: Allow faded altars: false
     0 | D:1      | 0 ||| qw: Do Orc after clearing Dungeon:15 true
     0 | D:1      | 0 ||| qw: Do second Lair branch before Depths: true
     0 | D:1      | 0 ||| qw: Lair rune preference: random
     0 | D:1      | 0 ||| qw: Goals: Normal
     0 | D:1      | 0 ||| PLANNING D:1-11
   242 | D:1      | Reached XP level 2. HP: 14/16 MP: 3/3
   314 | D:1      | Found a faded altar of an unknown god.
   579 | D:1      | Reached skill level 3 in Ranged Weapons
   583 | D:1      | 583 ||| UPGRADING to +0 ring mail.
   593 | D:1      | 593 ||| DROPPING +0 robe.
   594 | D:1      | 594 ||| UPGRADING to ring of willpower.
   595 | D:1      | 595 ||| UPGRADING to +4 ring of protection.
   596 | D:1      | 596 ||| READING scroll labelled YHUTICLIEPT.
   601 | D:1      | 601 ||| READING scroll labelled BIVOCE RYTZ.
   602 | D:1      | 602 ||| READING 2 scrolls labelled COKOED QUKKUI.
   603 | D:1      | 603 ||| READING scroll labelled MUOGAS XUUDIE.
   604 | D:1      | 604 ||| READING scroll labelled JUAMIU BYSIRI.
   648 | D:1      | 648 ||| DRINKING 2 lumpy purple potions.
   649 | D:1      | 649 ||| DROPPING scroll of poison.
   650 | D:1      | 650 ||| DROPPING scroll of fog.
   876 | D:2      | Reached XP level 3. HP: 21/21 MP: 4/4
  1226 | D:2      | Found a shimmering altar of Xom.
  1239 | D:2      | 1239 ||| READING scroll labelled KESUAF MIKIMOQ.
  1240 | D:2      | 1240 ||| READING 2 scrolls labelled YWITWE ZONO.
  1241 | D:2      | 1241 ||| READING scroll labelled ADWIXO RUFEROQO.
  1260 | D:3      | Noticed Ijyb
  1269 | D:3      | 1269 ||| STAIRDANCE
  1293 | D:2      | Killed Ijyb
  1294 | D:2      | Reached skill level 4 in Ranged Weapons
  1294 | D:2      | Reached XP level 4. HP: 15/26 MP: 5/5
  1353 | D:3      | Found Saosoef's Distillery.
  1361 | D:3      | 1361 ||| BUYING potion of curing (42 gold).
  1361 | D:3      | Bought a potion of curing for 42 gold pieces
  1361 | D:3      | 1361 ||| BUYING potion of curing (42 gold).
  1361 | D:3      | Bought a potion of curing for 42 gold pieces
  1361 | D:3      | 1361 ||| SHOPLISTING potion of curing (42 gold, have 31).
  1361 | D:3      | 1361 ||| SHOPLISTING potion of enlightenment (70 gold, have
                  | 31).
  1361 | D:3      | 1361 ||| SHOPLISTING potion of haste (140 gold, have 31).
  1361 | D:3      | 1361 ||| SHOPLISTING potion of might (56 gold, have 31).
  1371 | D:3      | Found Zumoemyl's Book Shoppe.
  1372 | D:3      | Noticed a walking crystal tome
  1373 | D:3      | Noticed a walking crystal tome
  1592 | D:3      | Noticed a black bear
  1601 | D:3      | HP: 6/26 [black bear (1)]
  1605 | D:3      | Slain by a black bear

Levels and vault maps discovered:
D:1:      dpeg_arrival_ratfight, layout_basic, shapermc_ecumenical_altar_ellora
D:2:      layout_basic, basic_altar, lightli_corner_chamber
D:3:      layout_basic, serial_shops, nicolae_shop_gibbet_a_chance,
          shop_fountains, nicolae_shop_mannequins,
          chequers_serial_rivers_micro_d, uniq_ijyb

Skill      XL: |  1  2  3 |
---------------+----------+-----
Ranged Weapons | 3 4 |  4.1
Fighting       | 2 |  2.0
Armour         | |  0.7
Dodging        | |  1.5
Spellcasting   | |  1.0
Hexes          | |  2.6

Action                     |  1- 3 |  4- 6 || total
---------------------------+-------+-------++-------
   Fire: Sling             |   126 |    25 ||   151
    Use: Scroll            |     8 |       ||     8
         Potion            |     1 |       ||     1
 Armour: Robe              |     4 |       ||     4
         Ring mail         |    24 |    21 ||    45
  Dodge: Dodged            |    39 |    19 ||    58

Table legend:
 A = Non-vault XP
 B = Vault XP
 C = Vault XP percentage of total XP
 D = Non-vault monster count
 E = Vault monster count
 F = Vault count percentage of total count
                 A         B        C        D         E       F
            +---------+---------+-------+---------+---------+-------
      Total |      76 |      44 |  36.7 |      36 |       6 |  14.3
            +---------+---------+-------+---------+---------+-------
        D:1 |      14 |       5 |  26.3 |       9 |       5 |  35.7
        D:2 |      48 |      39 |  44.8 |      20 |       1 |   4.8
        D:3 |      14 |       0 |   0.0 |       7 |       0 |   0.0
            +---------+---------+-------+---------+---------+-------
